Map: Deathaura LE

Players

DPGPartinG (PartinG) - Winner!

  • Race: Protoss Protoss
  • League: Grandmaster
  • Spawn Location: 11:00

Maru

  • Race: Terran Terran
  • Spawn Location: 5:00

Event: War Chest Team League

VOD

Have the link to the VOD?

Description

Time

  • Played on: July 30, 2020, 4:49 a.m.
  • Length: 31:00
Show
View Real Time Build Order
Export as new Build Order

DPGPartinG Protoss - Winner!

Build Orders: 1 Gate Expand, Phoenix Opening, Carriers 

Get SALT Encoding   

  12  0:00  Probe  
  13  0:12  Probe  
  14  0:18  Pylon  
  14  0:24  Probe  
  15  0:37  Probe  
  15  0:39  Pylon  
  16  0:49  Probe  
  17  0:50  Assimilator  
  17  0:57  Gateway  
  17  1:01  Probe  
  18  1:13  Probe  
  18  1:16  Assimilator  
  19  1:25  Probe  
  20  1:37  Nexus  
  20  1:42  Zealot (Chrono Boost)  
  22  1:52  Cybernetics Core  
  21  1:54  Probe  
  21  2:01  Zealot (Chrono Boost)  
  22  2:06  Probe  
  25  2:10  Assimilator  
  25  2:19  Probe  
  26  2:25  Stalker (Chrono Boost)  
  26  2:29  Warp Gate  
  28  2:31  Probe  
  29  2:37  Gateway  
  29  2:43  Probe  
  30  2:51  Stalker  
  30  2:53  Probe  
  30  2:55  Probe  
  34  3:03  Twilight Council  
  34  3:07  Probe (Chrono Boost)  
  34  3:10  Stargate  
  34  3:12  Probe (Chrono Boost)  
  36  3:19  Probe (Chrono Boost)  
  37  3:23  Probe (Chrono Boost)  
  37  3:26  Probe (Chrono Boost)  
  39  3:27  Stalker  
  39  3:28  Probe (Chrono Boost)  
  42  3:35  Stalker  
  44  3:44  Probe x2  
  44  3:53  Phoenix (Chrono Boost)  
  44  3:55  Pylon  
  44  3:59  Pylon  
  44  4:01  Probe x2  
  46  4:13  Probe x2  
  46  4:15  Pylon  
  46  4:16  Phoenix (Chrono Boost)  
  50  4:17  Assimilator  
  50  4:19  Assimilator  
  50  4:28  Stalker x2  
  54  4:34  Probe x2  
  56  4:39  Phoenix  
  58  4:52  Stalker  
  53  4:57  Probe x2 (Chrono Boost)  
  52  5:02  Stalker  
  54  5:09  Probe x2 (Chrono Boost)  
  56  5:16  Zealot  
  56  5:17  Probe x2 (Chrono Boost)  
  60  5:23  Probe x2  
  60  5:24  Robotics Facility  
  60  5:35  Probe x2  
  56  5:41  Zealot x2  
  60  5:47  Probe x2  
  60  6:02  Phoenix  
  56  6:07  Probe x2  
  56  6:08  Gateway x2  
  56  6:10  Pylon, Sentry  
  60  6:21  Probe x2, Nexus  
  60  6:24  Pylon  
  62  6:28  Pylon  
  62  6:30  Observer  
  63  6:32  Robotics Bay  
  63  6:36  Twilight Council  
  63  6:39  Probe x2  
  65  6:51  Forge  
  65  6:55  Observer  
  65  6:57  Sentry  
  65  6:59  Probe x2  
  70  7:01  Pylon  
  70  7:06  Stalker x2  
  74  7:09  Colossus (Chrono Boost)  
  74  7:10  Charge (Chrono Boost)  
  74  7:11  Probe x2  
  76  7:21  Observer  
  82  7:23  Probe x2  
  83  7:35  Probe x2  
  83  7:36  Protoss Ground Weapons Level 1 (Chrono Boost)  
  83  7:46  Zealot x3  
  83  7:47  Probe x2  
  83  7:48  Probe  
  92  7:51  Pylon  
  92  7:54  Colossus (Chrono Boost)  
  92  7:59  Probe  
  92  8:03  Pylon  
  92  8:05  Probe x2, Extended Thermal Lance  
  101  8:10  Gateway  
  101  8:11  Probe, Gateway  
  102  8:13  Gateway  
  102  8:17  Probe  
  101  8:22  Zealot x3  
  107  8:28  Probe x2, Observer  
  109  8:35  Templar Archives, Gateway  
  109  8:37  Gateway  
  109  8:40  Pylon  
  109  8:48  Colossus (Chrono Boost)  
  109  8:50  Zealot x3  
  121  8:58  Probe x3  
  124  9:05  Zealot x2  
  124  9:07  Blink (Chrono Boost)  
  126  9:12  Zealot x4  
  108  9:26  Nexus  
  108  9:27  Stalker, Pylon  
  110  9:33  Observer  
  110  9:35  Pylon  
  110  9:36  Stalker, Assimilator  
  110  9:37  Stalker, Assimilator  
  114  9:41  Observer  
  115  9:51  Zealot x5  
  115  9:52  Zealot, Protoss Ground Armor Level 1 (Chrono Boost)  
  127  9:55  Psionic Storm  
  127  10:00  Probe x2  
  127  10:06  Photon Cannon  
  129  10:08  Shield Battery  
  129  10:10  Pylon  
  129  10:11  Warp Prism (Chrono Boost)  
  130  10:19  Forge  
  131  10:24  Observer  
  131  10:28  High Templar x3  
  137  10:29  High Templar  
  137  10:30  Zealot x2  
  137  10:33  Probe x2  
  145  10:47  Zealot x2  
  145  10:48  Probe  
  145  10:49  Probe x3  
  153  10:53  Stalker x2  
  157  10:59  Observer  
  157  11:02  Stalker x4  
  165  11:09  Pylon  
  165  11:10  Zealot x2  
  169  11:17  Probe  
  170  11:22  Zealot  
  172  11:26  Shield Battery  
  172  11:28  Pylon  
  172  11:29  Pylon  
  172  11:31  Pylon, Nexus  
  170  11:40  Gateway  
  170  11:41  Observer  
  170  11:42  Gateway  
  170  11:46  Pylon, Observer  
  171  11:48  Robotics Facility  
  171  11:50  Dark Shrine  
  171  11:54  Zealot x8  
  161  11:57  Probe  
  170  12:10  Probe x2  
  170  12:11  Probe  
  170  12:13  Protoss Ground Weapons Level 2 (Chrono Boost), Protoss Ground Armor Level 2 (Chrono Boost)  
  172  12:16  Stalker x5  
  172  12:17  Stalker x3  
  188  12:23  Pylon  
  188  12:25  Pylon  
  180  12:43  Disruptor x2 (Chrono Boost)  
  180  12:45  Gravitic Boosters (Chrono Boost)  
  186  12:52  Photon Cannon  
  186  12:54  Probe (Chrono Boost), Photon Cannon  
  186  12:56  Photon Cannon  
  190  12:58  Photon Cannon  
  190  13:01  Shield Battery  
  190  13:02  Probe x2 (Chrono Boost)  
  190  13:03  Probe (Chrono Boost), Shield Battery  
  190  13:04  Probe (Chrono Boost)  
  191  13:05  Shield Battery  
  191  13:08  High Templar  
  191  13:09  High Templar  
  191  13:10  Probe, High Templar  
  191  13:11  High Templar  
  200  13:23  Observer  
  194  13:33  Disruptor x2  
  200  13:35  Gravitic Drive  
  200  13:38  Gateway  
  200  13:40  Gateway  
  200  13:42  Gateway  
  200  13:45  Gateway  
  200  14:02  Assimilator  
  200  14:05  Assimilator  
  200  14:08  Cybernetics Core, Protoss Air Weapons Level 1, Photon Cannon  
  200  14:10  Fleet Beacon, Photon Cannon  
  200  14:12  Photon Cannon  
  200  14:14  Shadow Stride (Chrono Boost), Photon Cannon  
  200  14:16  Shield Battery  
  200  14:18  Shield Battery  
  200  14:22  Shield Battery  
  200  14:25  Cybernetics Core  
  200  14:26  Assimilator  
  200  14:29  Assimilator  
  194  14:47  Nexus  
  194  14:49  Pylon  
  194  14:50  Dark Templar x7  
  194  14:52  Pylon  
  184  14:53  Zealot x7  
  198  15:01  Stargate, Observer  
  198  15:03  Stargate  
  198  15:06  Protoss Ground Armor Level 3 (Chrono Boost)  
  198  15:09  Pylon  
  198  15:10  Observer  
  198  15:11  Pylon  
  198  15:14  Stargate  
  198  15:29  Dark Templar  
  199  15:43  Dark Templar  
  199  16:07  Carrier (Chrono Boost)  
  199  16:09  Carrier (Chrono Boost)  
  199  16:15  Zealot x7  
  199  16:24  Photon Cannon, Protoss Ground Weapons Level 3 (Chrono Boost)  
  199  16:25  Photon Cannon  
  199  16:26  Photon Cannon  
  199  16:27  Photon Cannon  
  199  16:29  Photon Cannon  
  199  16:31  Photon Cannon  
  199  16:33  Photon Cannon  
  199  16:36  Shield Battery  
  199  16:37  Shield Battery  
  199  16:39  Shield Battery  
  199  16:40  Shield Battery  
  199  16:41  Protoss Air Armor Level 1 (Chrono Boost)  
  199  16:43  Shield Battery, Protoss Air Weapons Level 2 (Chrono Boost), Observer  
  199  16:48  Observer  
  200  17:00  Carrier (Chrono Boost)  
  196  17:03  Carrier x2 (Chrono Boost)  
  198  17:25  Dark Templar  
  199  17:36  Dark Templar  
  195  17:59  Photon Cannon  
  193  18:06  Carrier, Nexus  
  193  18:07  Pylon  
  193  18:12  Protoss Shields Level 1 (Chrono Boost)  
  199  18:13  Gateway  
  199  18:16  Gateway x2  
  199  18:19  Gateway  
  199  18:20  Gateway  
  199  18:25  Gateway  
  197  18:47  Pylon  
  197  18:49  Nexus  
  187  19:00  Dark Templar x4  
  195  19:08  Photon Cannon  
  194  19:10  Disruptor x2 (Chrono Boost)  
  194  19:12  Pylon  
  194  19:13  Photon Cannon  
  194  19:15  Photon Cannon  
  195  19:17  Photon Cannon  
  195  19:19  Pylon  
  192  19:37  Observer (Chrono Boost)  
  192  19:39  Protoss Air Armor Level 2 (Chrono Boost)  
  192  19:40  Pylon  
  192  19:42  Protoss Air Weapons Level 3 (Chrono Boost)  
  192  19:44  Photon Cannon x2  
  192  19:45  Photon Cannon  
  191  19:46  Shield Battery, Photon Cannon  
  191  19:51  Shield Battery  
  181  20:02  Carrier (Chrono Boost)  
  181  20:03  Carrier (Chrono Boost)  
  197  20:10  Stalker, Carrier (Chrono Boost)  
  197  20:26  Assimilator, Observer  
  197  20:28  Unknown, Assimilator  
  195  20:31  Unknown, Protoss Shields Level 2  
  195  20:34  Pylon  
  195  20:41  Nexus  
  191  20:42  Pylon  
  191  20:46  Pylon  
  197  20:57  Carrier (Chrono Boost)  
  197  21:03  Probe (Chrono Boost)  
  194  21:10  Probe x3 (Chrono Boost)  
  195  21:11  Stalker x2  
  195  21:12  Probe (Chrono Boost)  
  194  21:22  Stalker x6  
  194  21:23  Stalker x3  
  200  21:28  Photon Cannon  
  200  21:29  Photon Cannon  
  200  21:31  Photon Cannon  
  200  21:32  Photon Cannon  
  200  21:34  Photon Cannon  
  200  21:36  Photon Cannon  
  200  21:38  Shield Battery, Photon Cannon  
  200  21:39  Photon Cannon  
  200  21:42  Shield Battery  
  196  22:04  Dark Templar x2  
  188  22:18  Dark Templar x2  
  188  22:19  Dark Templar x7  
  193  22:33  Zealot x6  
  193  22:34  Zealot x2  
  196  22:37  Probe x3  
  196  22:40  Observer x2  
  200  23:12  Protoss Air Armor Level 3 (Chrono Boost)  
  196  23:15  Unknown  
  184  23:31  Dark Templar  
  184  23:32  Dark Templar x7  
  186  23:54  Dark Templar  
  186  23:55  Dark Templar x5  
  192  23:56  Dark Templar  
  186  24:22  Nexus  
  179  24:25  Pylon  
  179  24:29  Zealot x4  
  179  24:30  Zealot x6  
  191  24:40  Stalker  
  191  24:41  Stalker x3  
  187  24:56  Dark Templar x7  
  187  24:57  Zealot x3  
  199  25:03  Shield Battery  
  199  25:05  Shield Battery  
  199  25:06  Shield Battery  
  199  25:08  Shield Battery  
  199  25:11  Photon Cannon  
  199  25:12  Photon Cannon  
  199  25:13  Photon Cannon  
  199  25:14  Photon Cannon  
  193  25:15  Unknown  
  193  25:19  Unknown  
  187  25:30  Pylon, Nexus  
  187  25:33  Zealot x4  
  187  25:34  Zealot x3  
  197  25:38  Dark Templar x3  
  197  25:45  Dark Templar  
  197  26:06  Shield Battery  
  197  26:07  Photon Cannon  
  197  26:08  Photon Cannon x2  
  197  26:09  Shield Battery  
  197  26:10  Photon Cannon  
  195  26:11  Shield Battery  
  124  26:32  Stalker x3  
  124  26:33  Stalker x5, Zealot x4  
  124  26:34  Zealot x5  
  158  26:46  Stalker x3  
  164  26:52  Observer x2  
  152  27:15  Zealot x5  
  152  27:16  Zealot x6  
  152  27:19  High Templar x3  
  180  27:30  Archon  
  180  27:31  High Templar x4  
  180  27:32  High Templar x2  
  180  27:35  Archon x2  
  180  27:36  Archon  
  186  27:51  Disruptor x2  
  133  28:07  Stalker x7  
  133  28:08  Zealot  
  139  28:17  Dark Templar x2  
  143  28:26  Dark Templar x2  
  130  28:36  Dark Templar x2  
  132  28:50  Dark Templar x3  
  137  29:02  Zealot x3  
  140  29:12  Stalker  
  139  29:25  Stalker x2  
  139  29:26  Stalker  
  139  29:51  Zealot x6  
  139  29:52  Zealot x2  
  143  30:11  High Templar x5  
  143  30:12  High Templar x4  
  143  30:13  High Templar  
  163  30:16  Unknown  
  163  30:30  Nexus  
  148  30:42  Stalker x3  
Show
View Real Time Build Order
Export as new Build Order

Maru Terran 

Build Orders:  

Get SALT Encoding   

  12  0:00  SCV  
  13  0:12  SCV  
  14  0:16  Supply Depot  
  14  0:24  SCV  
  15  0:38  SCV  
  15  0:39  Barracks  
  16  0:42  Refinery  
  16  0:50  SCV  
  17  1:02  SCV  
  18  1:14  SCV  
  19  1:26  Orbital Command, Marine  
  20  1:41  Command Center  
  20  1:46  Barracks Reactor  
  20  1:53  SCV  
  21  1:58  Supply Depot  
  21  2:05  SCV  
  22  2:10  Factory  
  22  2:16  Bunker  
  22  2:17  SCV  
  22  2:22  Marine x2  
  25  2:34  SCV, Command Center  
  26  2:40  Marine x2  
  28  2:46  Supply Depot  
  28  2:49  SCV  
  29  2:55  Starport  
  29  3:02  SCV  
  30  3:08  Hellion  
  30  3:09  Marine x2  
  34  3:14  SCV  
  34  3:16  Refinery  
  35  3:26  SCV  
  36  3:27  Marine  
  36  3:32  Hellion  
  38  3:45  Medivac  
  38  3:46  Marine  
  38  3:51  SCV  
  38  3:53  Orbital Command  
  38  3:54  Hellion  
  41  3:55  Marine  
  42  4:04  Marine  
  42  4:09  SCV  
  44  4:12  Supply Depot  
  44  4:13  Marine  
  44  4:15  Factory Tech Lab  
  44  4:16  Starport Tech Lab  
  45  4:22  SCV, Marine  
  47  4:31  Marine  
  47  4:34  Siege Tank  
  51  4:38  Raven  
  51  4:44  SCV  
  52  4:52  Marine  
  49  4:56  SCV  
  50  5:04  Marine  
  50  5:06  Siege Tank  
  52  5:07  Engineering Bay  
  52  5:08  SCV  
  52  5:10  Marine  
  52  5:13  Orbital Command  
  54  5:20  SCV  
  53  5:22  Marine  
  53  5:28  Marine  
  55  5:32  SCV  
  51  5:38  Siege Tank  
  51  5:39  Marine  
  54  5:44  SCV x2  
  54  5:46  Marine  
  54  5:48  Banshee  
  59  5:56  SCV x2  
  61  5:57  Marine  
  61  6:03  Marine  
  62  6:08  SCV, Barracks  
  62  6:10  Barracks  
  62  6:11  Terran Infantry Weapons Level 1  
  62  6:14  SCV  
  62  6:15  Marine  
  63  6:20  SCV  
  63  6:21  Missile Turret x2  
  63  6:24  Marine  
  65  6:26  SCV  
  65  6:32  SCV  
  67  6:33  Marine  
  67  6:38  SCV, Supply Depot  
  67  6:39  Supply Depot  
  69  6:44  SCV  
  69  6:50  SCV  
  69  6:52  Starport Reactor  
  70  6:56  Supply Depot, Refinery  
  70  7:00  Factory Tech Lab  
  70  7:02  Supply Depot  
  70  7:06  SCV x2  
  72  7:08  Marine  
  72  7:09  Stimpack  
  73  7:16  Combat Shield, Supply Depot  
  73  7:17  Marine x2  
  73  7:18  SCV x2  
  73  7:19  Marauder  
  79  7:26  Command Center  
  79  7:27  Marauder  
  79  7:29  Siege Tank  
  84  7:30  SCV x2  
  84  7:35  Marine x2  
  85  7:42  SCV x2  
  85  7:43  Medivac  
  89  7:46  Missile Turret  
  89  7:48  Refinery  
  89  7:50  Marauder  
  91  7:52  Marauder  
  91  7:53  Marine  
  91  7:54  SCV x2  
  96  8:01  Barracks  
  96  8:02  Barracks  
  96  8:05  Medivac  
  98  8:09  Supply Depot  
  98  8:15  Medivac  
  98  8:19  Marauder  
  104  8:20  Marauder  
  104  8:22  Marine x2  
  104  8:25  SCV  
  107  8:32  SCV  
  108  8:35  Siege Tank  
  108  8:37  Concussive Shells  
  111  8:42  SCV  
  111  8:44  SCV  
  111  8:48  Marauder x2, Marine x2  
  118  8:51  Barracks Reactor, Barracks Tech Lab  
  118  8:54  SCV  
  117  8:56  SCV  
  117  9:02  Orbital Command  
  116  9:06  SCV  
  116  9:11  Marine  
  116  9:12  Marauder x2  
  101  9:17  Medivac x2  
  101  9:19  SCV x2  
  101  9:23  Refinery x2  
  103  9:26  Siege Tank  
  106  9:37  SCV x3  
  109  9:42  Missile Turret  
  109  9:43  Supply Depot  
  113  9:45  Marauder  
  113  9:46  Marauder x2, Marine x2  
  113  9:48  Marine  
  113  9:49  SCV, Marine  
  120  9:54  Medivac x2  
  120  9:58  SCV  
  125  10:00  Siege Tank  
  125  10:01  Supply Depot  
  125  10:06  Supply Depot  
  127  10:08  Supply Depot  
  127  10:09  Ghost Academy, Terran Infantry Armor Level 1  
  127  10:15  Marauder x3, Marine x3  
  136  10:27  Armory, Command Center  
  136  10:30  Engineering Bay  
  136  10:31  Marine  
  136  10:33  Marine  
  138  10:36  Marauder, Siege Tank  
  138  10:39  Supply Depot  
  147  10:54  Supply Depot  
  147  10:58  SCV  
  147  11:02  SCV x2  
  151  11:05  Sensor Tower  
  151  11:09  Unknown  
  151  11:10  SCV  
  152  11:13  Unknown  
  154  11:19  Supply Depot  
  154  11:23  Missile Turret  
  154  11:24  Missile Turret  
  154  11:25  Siege Tank  
  156  11:26  Viking, Unknown  
  156  11:29  Viking  
  160  11:41  SCV x3, Unknown  
  162  11:57  Viking, Marauder, Ghost Academy  
  162  11:59  Viking, Siege Tank  
  171  12:04  Terran Infantry Weapons Level 2  
  171  12:05  Unknown  
  171  12:14  Missile Turret  
  171  12:16  Marine x4  
  171  12:17  SCV  
  171  12:18  SCV x2  
  178  12:28  Sensor Tower  
  178  12:29  SCV  
  179  12:30  SCV  
  179  12:31  SCV, Siege Tank  
  179  12:36  Viking x2  
  188  12:40  Terran Infantry Armor Level 2  
  188  12:41  SCV  
  188  12:42  Terran Vehicle Weapons Level 1  
  189  12:44  Ghost Academy  
  189  12:47  Bunker  
  189  12:50  SCV x2  
  191  12:52  Planetary Fortress  
  191  12:57  Refinery x2  
  191  13:03  SCV x3  
  191  13:04  Siege Tank  
  189  13:13  Missile Turret  
  189  13:15  SCV  
  189  13:33  Enhanced Shockwaves  
  193  13:38  Siege Tank  
  193  13:39  Barracks  
  193  13:40  Barracks x2  
  196  13:43  Command Center  
  196  13:49  Missile Turret x2  
  196  13:56  Sensor Tower  
  196  14:01  Unknown x3, Command Center, Marine  
  196  14:02  Marine x3  
  200  14:25  Terran Infantry Weapons Level 3  
  200  14:33  Barracks Tech Lab  
  200  14:34  Barracks Reactor, Barracks Tech Lab  
  200  14:36  Fusion Core  
  200  14:38  Starport  
  200  14:39  Starport  
  200  14:40  Command Center  
  200  14:43  Missile Turret  
  196  14:46  Marine x2  
  196  14:50  Siege Tank  
  196  14:51  Personal Cloaking  
  196  14:52  Unknown, Marauder  
  197  14:53  Medivac  
  199  15:10  Marine  
  200  15:14  Unknown  
  200  15:15  Unknown  
  200  15:21  Starport Reactor x2, Terran Infantry Armor Level 3  
  200  15:23  Advanced Ballistics  
  197  15:39  Orbital Command  
  197  15:50  Terran Ship Weapons Level 1  
  197  15:54  Missile Turret  
  197  15:55  Missile Turret  
  197  15:56  Missile Turret  
  197  15:57  Planetary Fortress, Missile Turret  
  197  15:58  Sensor Tower  
  197  16:03  Liberator x2  
  187  16:14  Marauder x2, Marine x2  
  187  16:17  Nuke  
  193  16:19  Marauder x3  
  193  16:20  Refinery  
  193  16:21  Refinery  
  193  16:25  Command Center  
  199  16:26  Bunker  
  199  16:42  Ghost Academy, Rapid Reignition System  
  199  16:46  Command Center, Missile Turret  
  199  16:49  Missile Turret  
  192  17:06  Viking x4  
  192  17:07  Viking  
  200  17:09  Bunker  
  200  17:32  Missile Turret x2  
  200  17:34  Missile Turret, Nuke  
  189  17:54  Unknown, Terran Ship Weapons Level 2  
  189  17:55  Nuke  
  185  18:00  Planetary Fortress  
  185  18:01  Viking, Command Center  
  185  18:02  Viking x2, Liberator  
  185  18:03  Armory  
  185  18:04  Command Center  
  194  18:06  Hi-Sec Auto Tracking, Neosteel Armor  
  194  18:08  Orbital Command  
  194  18:23  Missile Turret  
  194  18:24  Missile Turret, Sensor Tower  
  194  18:26  Missile Turret  
  194  18:27  Missile Turret  
  194  18:28  Missile Turret  
  194  18:35  Viking x3  
  199  19:00  Command Center, Missile Turret x2  
  195  19:08  Liberator x3  
  191  19:12  Liberator  
  194  19:20  Missile Turret  
  194  19:21  Nuke x2  
  194  19:25  Orbital Command x2  
  194  19:34  Command Center, Sensor Tower  
  194  19:35  Liberator x2  
  195  19:57  Viking x3, Liberator  
  193  20:10  SCV x6  
  193  20:11  SCV  
  200  20:28  Terran Ship Weapons Level 3  
  200  20:29  Terran Vehicle And Ship Armor Level 1  
  200  20:41  Missile Turret, Sensor Tower  
  200  20:42  Missile Turret  
  200  20:44  Liberator  
  198  21:11  Nuke x2  
  197  21:13  Ghost Academy  
  197  21:17  Orbital Command  
  197  21:18  Planetary Fortress  
  197  21:33  Unknown  
  197  21:35  Missile Turret  
  197  21:37  Missile Turret  
  197  21:43  Viking  
  191  22:18  Marine x3  
  191  22:19  Marauder  
  191  22:22  Unknown  
  200  22:24  Nuke x2  
  200  22:25  Terran Vehicle And Ship Armor Level 2  
  185  22:34  Missile Turret  
  185  22:35  Missile Turret x2  
  185  22:36  Missile Turret  
  181  22:39  Missile Turret  
  181  22:43  Marine x3  
  190  22:47  Unknown x2, Marauder x2  
  192  22:53  Sensor Tower  
  189  23:08  Marauder x2  
  189  23:11  Unknown x3  
  193  23:23  Viking x2, Liberator  
  200  23:47  Viking x2  
  200  23:48  Viking  
  183  23:51  Marine x3  
  183  23:52  Marauder x2  
  183  23:53  Viking, Missile Turret  
  183  23:54  Missile Turret x2  
  183  23:55  Missile Turret x2  
  194  23:57  Sensor Tower  
  194  23:58  Missile Turret  
  194  23:59  Missile Turret  
  194  24:04  Marine x2  
  194  24:05  Viking  
  194  24:06  Viking  
  194  24:09  Orbital Command  
  200  24:13  Marauder  
  192  24:17  Viking x2  
  192  24:18  Viking  
  192  24:19  Unknown  
  192  24:20  Unknown x2, Marauder  
  175  24:41  SCV x6, Unknown  
  181  24:49  Liberator  
  181  24:50  Liberator  
  187  24:59  Viking x4  
  195  25:00  SCV x4, Missile Turret, Sensor Tower  
  195  25:01  SCV  
  200  25:20  Nuke x3  
  199  25:27  Sensor Tower  
  197  25:38  Medivac  
  199  25:42  Sensor Tower  
  199  25:43  Missile Turret  
  199  25:47  Missile Turret x2  
  199  25:49  Missile Turret  
  196  25:51  Missile Turret, Sensor Tower  
  196  25:52  Missile Turret  
  196  25:56  Terran Vehicle And Ship Armor Level 3  
  191  26:18  Viking x3  
  191  26:24  Marauder, Marine x4  
  191  26:25  Marauder x3  
  193  26:28  Marine x2  
  193  26:29  Marauder  
  140  26:42  Marine x4  
  140  26:46  Marauder x4, Marine x2  
  154  26:50  Marauder  
  156  26:59  Marine  
  156  27:00  Marine x3  
  154  27:04  Marine x2  
  154  27:07  Marauder x3  
  154  27:08  Marauder  
  154  27:11  Orbital Command  
  154  27:12  Marauder  
  154  27:14  SCV x3  
  159  27:17  Marine x2  
  159  27:18  Marine x2  
  163  27:28  Marine x2  
  163  27:29  Marauder x4  
  173  27:35  Marine x3  
  173  27:36  Orbital Command  
  178  27:44  Marine  
  173  27:53  Marine x8  
  173  27:54  Refinery  
  173  27:55  Refinery  
  177  28:01  Unknown  
  177  28:02  Marine  
  177  28:05  Marine x2  
  142  28:10  Marine  
  142  28:11  Marine  
  144  28:26  Marine x5  
  144  28:27  Marine x4  
  148  28:28  Marine x2  
  148  28:29  SCV x4  
  152  28:41  SCV x2  
  152  28:44  Marine x6  
  152  28:45  Marauder x2  
  152  28:48  Marauder, Marine x2  
  135  29:10  Marine x3  
  135  29:11  Marauder x3, Marine  
  139  29:26  Medivac, Marauder, Marine  
  141  29:38  Marine x3  
  130  29:44  Medivac  
  102  30:04  Marauder, Marine x3  
  102  30:05  Marauder  
  102  30:06  Marine x2  
  101  30:12  Marine  
  95  30:15  Medivac  
  95  30:19  Marine  
  98  30:33  Marauder, Marine x2  
  89  30:39  Marine  
Tags
 
Add a new tag
Caveats
  • Supply blocks, unpowered buildings, or Contaminate may cause inaccurate times.
  • Supply counts are checked every 10 seconds.